 Dungeon Crawl Stone Soup version 0.30.1-9-gdf580d7c3d (webtiles) character file.

Game seed: 11197600347813932267

2725 KittyFluff the Protected (level 9, -1/84 HPs)
             Began as a Gargoyle Berserker on Oct 7, 2023.
             Was a High Priest of Trog.
             Slain by a wight
             ... wielding a +6 halberd of freezing
              (9 damage)
             ... on level 6 of the Dungeon.
             The game lasted 00:31:59 (7461 turns).

KittyFluff the Protected (Gargoyle Berserker)       Turns: 7461, Time: 00:32:00

Health: -1/84      AC: 14    Str: 22    XL:     9   Next: 67%
Magic:  9/9        EV: 12    Int:  9    God:    Trog [*****.]
Gold:   256        SH:  3    Dex: 11    Spells: 8/8 levels left

rFire   . . .        a - +3 mace
rCold   . . .        I - +0 buckler
rNeg    + . .        h - +0 leather armour
rPois   ∞            i - +0 helmet
rElec   +            p - +0 cloak
rCorr   .            w - +0 pair of gloves
SInv    .            (no boots)
Will    ++...        (no amulet) Stlth
                     y - ring of willpower
HPRegen 0.34/turn    B - ring of willpower
MPRegen 0.11/turn

%: no passive effects
@: berserking, studying Ranged Weapons, very quick
A: sickness immunity, AC +6, negative energy resistance 1, electricity
resistance, torment resistance 1, petrification resistance
a: Renounce Religion, Berserk, Trog's Hand, Brothers in Arms


You were on level 6 of the Dungeon.
You worshipped Trog.
Trog was extremely pleased with you.
You visited 1 branch of the dungeon, and saw 6 of its levels.
You also visited: Sewer and Ossuary.

You collected 256 gold pieces.

Inventory:

Hand Weapons
 a - a +3 mace (weapon)
 H - a +0 dire flail
Missiles
 s - 23 poisoned darts (quivered)
 u - a curare-tipped dart
 K - a boomerang
Armour
 h - a +0 leather armour (worn)
 i - a +0 helmet (worn)
 p - a +0 cloak (worn)
 w - a +0 pair of gloves (worn)
 I - a +0 buckler (worn)
 J - a scarf of shadows
Jewellery
 c - a ring of ice
 y - a ring of willpower (left hand)
 B - a ring of willpower (right hand)
Wands
 v - a wand of charming (9)
 E - a wand of flame (9)
Scrolls
 b - 3 scrolls of amnesia {unknown}
 d - 4 scrolls of enchant armour {unknown}
 f - 2 scrolls of noise {unknown}
 g - 2 scrolls of poison {unknown}
 j - 5 scrolls of teleportation {unknown}
 k - 5 scrolls of fog {unknown}
 l - a scroll of fear {unknown}
 z - 2 scrolls of blinking {unknown}
 F - 2 scrolls of torment {unknown}
 G - 2 scrolls of vulnerability
 L - a scroll of enchant weapon {unknown}
Potions
 e - 2 potions of flight
 m - 3 potions of mutation
 n - 5 potions of haste
 o - a potion of attraction
 q - a potion of experience
 r - 2 potions of heal wounds
 t - a potion of invisibility {unknown}
 x - 4 potions of cancellation {unknown}
 A - 4 potions of curing {unknown}
 C - 2 potions of might {unknown}
 D - 3 potions of lignification {unknown}


   Skills:
 + Level 6.6 Fighting
 * Level 8.1 Maces & Flails
 * Level 8.5 Armour
 + Level 4.6 Dodging


You had 8 spell levels left.
You didn't know any spells.
Your spell library was empty.

Dungeon Overview and Level Annotations

Branches:
Dungeon (6/15)             Temple (0/1) D:6           Sewer (visited)
Ossuary (visited)

Altars:
Fedhas
Hepliaklqana
Yredelemnul
Zin

Shops:
D:2 =

Annotations:
D:3 1 runed translucent door, Crazy Yiuf


Innate Abilities, Weirdness & Mutations

You are immune to sickness and miasma.
Your stone body is resilient. (AC +6)
You are immune to poison.
You resist negative energy. (rN+)
You are resistant to electric shocks. (rElec)
You are resistant to unholy torment.
You are immune to petrification.


Message History

You hit the wight.
The wight is lightly damaged.
You block the wight's attack. x2
You closely miss the wight.
The wight is lightly damaged.
The wight hits you from afar with a +6 halberd of freezing.
The wight freezes you. The wight closely misses you.
You hit the wight.
The wight is lightly damaged.
The wight misses you. The wight hits you but does no damage.
You hit the wight but do no damage.
The wight is lightly damaged.
The wight hits you from afar with a +6 halberd of freezing!
The wight freezes you. The wight hits you with a +4 scimitar.
You barely miss the wight.
The wight is lightly damaged.
The wight hits you from afar with a +6 halberd of freezing.
The wight freezes you. The wight hits you with a +4 scimitar!
You barely miss the wight.
The wight is lightly damaged.
The wight misses you. x2
You closely miss the wight.
The wight is lightly damaged.
You block the wight's attack. The wight hits you with a +4 scimitar!
You sock the wight!
The wight is heavily damaged.
The wight misses you. The wight hits you with a +4 scimitar!
* * * LOW HITPOINT WARNING * * *
A red film seems to cover your vision as you go berserk!
You feel yourself moving faster!
You feel mighty!
The wight hits you from afar with a +6 halberd of freezing.
* * * LOW HITPOINT WARNING * * *
The wight freezes you.
* * * LOW HITPOINT WARNING * * *
The wight completely misses you.
You sock the wight!
You destroy the wight!
Trog accepts your kill.
The wight hits you from afar with a +6 halberd of freezing!
You die...

#####..........
#...........# #..........#
...........#######
....#>............ .
#.....[#######.
############.z<....<..
#..........#)#.######.
#......###.#@#....... #
#......# #.#.#....... ##
######'###.#.#.#####. #.
#....##........... #.
#....####.#.#####. ##.
#[...# #.#.......######..
#....####.#..#####.....#..
#####..............'.....'..
#.###.......#....###.....#..


You could see a wight.

Vanquished Creatures
  Grinder (D:3)
  Duvessa (D:5)
  A black bear (D:6)
  3 phantoms
  4 kobold brigands (Sewer)
  6 water moccasin zombies (Ossuary)
  A scorpion (D:6)
  4 wights (D:6)
  Dowan (D:5)
  3 howler monkeys
  6 hounds
  5 jellies
  A gnoll bouda (D:6)
  Jessica (D:3)
  A sleepcap (D:4)
  Natasha (twice) (D:2)
  6 orc wizards
  2 mummies (Ossuary)
  Robin (D:2)
  9 gnolls
  7 river rats (Sewer)
  11 adders
  A white imp (D:6)
  8 adder zombies (Ossuary)
  A worm (D:5)
  5 dart slugs
  29 orcs
  2 bats (D:2)
  6 endoplasms
  2 giant cockroaches
  11 goblins
  5 hobgoblins
  7 jackals (D:1)
  26 kobolds
  6 quokkas
  12 ball pythons
  A frilled lizard (Sewer)
  2 gnoll zombies (Ossuary)
  3 hobgoblin zombies (Ossuary)
  A jackal skeleton (D:5)
  5 kobold zombies (Ossuary)
  7 orc zombies (Ossuary)
  23 rats
240 creatures vanquished.

Notes
Turn   | Place    | Note
-------+----------+-------------------------------------------
     0 | D:1      | KittyFluff the Gargoyle Berserker began the quest for the
                  | Orb.
     0 | D:1      | Reached XP level 1. HP: 14/14 MP: 1/1
   495 | D:1      | Reached XP level 2. HP: 19/19 MP: 2/2
   746 | D:1      | Reached XP level 3. HP: 23/23 MP: 3/3
   844 | D:2      | Noticed Robin
   854 | D:2      | Killed Robin
  1062 | D:2      | Reached XP level 4. HP: 24/29 MP: 4/4
  1122 | D:2      | Reached ** piety under Trog
  1183 | D:2      | Found Wuone's Jewellery Boutique.
  1220 | D:2      | Noticed Natasha
  1231 | D:2      | Killed Natasha
  1401 | D:2      | Noticed Natasha
  1413 | D:2      | Killed Natasha
  1414 | D:2      | Reached XP level 5. HP: 23/33 MP: 5/5
  1677 | D:2      | Found a faded altar of an unknown god.
  1944 | D:3      | Reached XP level 6. HP: 38/38 MP: 6/6
  2010 | D:3      | Noticed Jessica
  2016 | D:3      | Killed Jessica
  2072 | D:3      | Noticed Grinder
  2088 | D:3      | Paralysed by Grinder for 2 turns
  2094 | D:3      | Paralysed by Grinder for 5 turns
  2104 | D:3      | Paralysed by Grinder for 3 turns
  2116 | D:3      | Killed Grinder
  2117 | D:3      | Reached skill level 5 in Maces & Flails
  2117 | D:3      | Reached XP level 7. HP: 15/44 MP: 7/7
  2412 | D:3      | Found a glowing drain.
  2423 | Sewer    | Entered a sewer
  2445 | Sewer    | Reached skill level 5 in Armour
  2445 | Sewer    | Reached *** piety under Trog
  2920 | Sewer    | Reached **** piety under Trog
  3076 | Sewer    | Reached skill level 5 in Fighting
  3076 | Sewer    | Reached XP level 8. HP: 35/49 MP: 8/8
  3728 | D:3      | Found a runed translucent door.
  3729 | D:3      | Noticed Crazy Yiuf
  4259 | D:4      | Found a sand-covered staircase.
  4268 | Ossuary  | Entered an ossuary
  4477 | Ossuary  | Reached ***** piety under Trog
  4960 | D:4      | Found a blossoming altar of Fedhas.
  5348 | D:5      | Entered Level 5 of the Dungeon
  5356 | D:5      | Identified a scroll of acquirement
  5366 | D:5      | Acquired a manual of Ranged Weapons
  5392 | D:5      | Noticed Duvessa
  5393 | D:5      | Noticed Dowan
  5408 | D:5      | Killed Duvessa
  5409 | D:5      | Reached XP level 9. HP: 22/55 MP: 9/9
  5412 | D:5      | Killed Dowan
  5788 | D:5      | Found a glowing silver altar of Zin.
  6043 | D:5      | Found a faded altar of an unknown god.
  6043 | D:5      | Found a hazy altar of Hepliaklqana.
  6045 | D:5      | Found a faded altar of an unknown god.
  6367 | D:5      | Found a runed translucent door.
  6383 | D:5      | Found a basalt altar of Yredelemnul.
  7292 | D:6      | Found a staircase to the Ecumenical Temple.
  7461 | D:6      | Slain by a wight

Illustrated notes

Levels and vault maps discovered:
D:1:      matt_arrival_spirals, layout_loops_ring, minivault_27,
          minmay_misc_feat_five
D:2:      layout_basic, dilly_ecumenical_altar_fadedgnrine, serial_shops,
          nicolae_diamond_shop, uniq_robin, uniq_natasha
D:3:      layout_loops_corners, portal_sewer_entry_d, uniq_crazy_yiuf_cottage,
          uniq_jessica, uniq_grinder
D:4:      layout_basic, mainiacjoe_overflow_24_doors,
          chequers_ossuary_entry_cave
D:5:      layout_basic, dk_yredelemnul_ordeal,
          mainiacjoe_overflow_concentric_impassable,
          nicolae_hepliaklqana_ecumenical_no_more, uniq_duvessa
D:6:      layout_basic, ashenzari_conservatory_becter, temple_fountains,
          serial_glass, glass_columns_c, glass_columns_b

Skill      XL: |  1  2  3  4  5  6  7  8  9 |
---------------+----------------------------+-----
Armour         | 3 4 5 7 8 |  8.5
Dodging        | 2 3 4 |  4.6
Fighting       | 4 5 6 |  6.6
Maces & Flails | 4 5 7 8 |  8.1

Action                     |  1- 3 |  4- 6 |  7- 9 || total
---------------------------+-------+-------+-------++-------
  Melee: Mace              |   110 |   118 |   831 ||  1059
         Punch             |       |     1 |    19 ||    20
 Invoke: Berserk           |     2 |     2 |     5 ||     9
    Use: Scroll            |       |       |     9 ||     9
 Armour: Leather armour    |    73 |    46 |   405 ||   524
         Animal skin       |     1 |       |       ||     1
  Dodge: Dodged            |    73 |    49 |   565 ||   687
  Block: Buckler           |       |       |    17 ||    17
